Map: Reclamation LE

Players

Annihilator

  • Race: Protoss Protoss
  • Spawn Location: 6:00

TermitMK

  • Race: Protoss Protoss
  • Spawn Location: 5:00

Ekelpack - Winner!

  • Race: Zerg Zerg
  • Spawn Location: 11:00

Nyck - Winner!

  • Race: Terran Terran
  • Spawn Location: 12:00

VOD

Have the link to the VOD?

Description

Time

  • Played on: Jan. 29, 2025, 1:44 p.m.
  • Length: 13:08
Show
View Real Time Build Order
Export as new Build Order

Annihilator Protoss 

Build Orders: Oracle Opening, Blink Stalkers 

Get SALT Encoding   

  12  0:00  Probe  
  13  0:12  Probe  
  14  0:19  Pylon  
  14  0:25  Probe  
  15  0:37  Probe  
  15  0:39  Gateway  
  16  0:43  Assimilator  
  16  0:49  Probe  
  17  0:54  Assimilator  
  17  1:01  Probe  
  18  1:13  Probe  
  19  1:18  Pylon  
  19  1:25  Cybernetics Core, Probe  
  20  1:33  Probe  
  21  1:42  Probe  
  22  1:51  Warp Gate  
  22  2:04  Stargate  
  22  2:27  Nexus  
  22  2:28  Pylon  
  22  2:31  Stalker  
  24  2:47  Twilight Council  
  27  2:51  Oracle  
  27  3:09  Probe  
  28  3:21  Probe  
  29  3:28  Robotics Facility  
  29  3:33  Probe  
  30  3:41  Probe  
  31  3:46  Probe  
  32  3:50  Assimilator  
  32  3:53  Blink, Probe  
  33  3:58  Probe  
  34  4:05  Probe  
  35  4:10  Probe  
  33  4:17  Phoenix  
  35  4:27  Gateway x2  
  35  4:28  Shield Battery  
  35  4:37  Probe x2  
  37  4:42  Pylon, Phoenix  
  39  4:49  Probe x2  
  41  4:53  Shield Battery  
  41  5:01  Probe x2  
  43  5:09  Assimilator  
  43  5:10  Phoenix x2  
  43  5:13  Probe x2  
  45  5:16  Phoenix  
  47  5:25  Probe x2  
  49  5:29  Sentry  
  51  5:37  Probe  
  51  5:38  Phoenix, Probe  
  55  5:57  Probe x2  
  55  6:01  Phoenix  
  59  6:06  Shield Battery  
  59  6:09  Probe  
  59  6:10  Probe  
  61  6:21  Probe  
  62  6:28  Probe  
  61  6:48  Phoenix  
  61  6:59  Charge  
  61  7:00  Stargate  
  61  7:17  Nexus  
  61  7:19  Assimilator x2, Pylon  
  61  7:20  Pylon  
  61  7:37  Phoenix  
  63  7:49  Phoenix  
  65  7:55  Fleet Beacon  
  65  8:02  Forge, Phoenix  
  67  8:07  Pylon  
  67  8:08  Shield Battery x2  
  67  8:11  Shield Battery  
  67  8:12  Pylon  
  67  8:14  Phoenix  
  67  8:15  Probe x2  
  71  8:27  Probe  
  71  8:28  Probe  
  73  8:40  Probe x2  
  75  8:45  Probe  
  76  8:51  Gateway  
  76  8:52  Gateway, Protoss Ground Weapons Level 1, Probe x2  
  76  8:54  Pylon  
  78  8:56  Pylon, Immortal  
  78  8:57  Probe  
  83  9:04  Probe x2  
  83  9:09  Probe  
  86  9:10  Templar Archives  
  86  9:16  Probe x2  
  88  9:18  Gateway, Forge  
  88  9:19  Gateway  
  88  9:21  Gateway, Pylon  
  88  9:22  Gateway  
  88  9:24  Pylon  
  88  9:26  Psionic Storm  
  88  9:36  Protoss Ground Armor Level 1, Immortal  
  92  9:39  Zealot x3  
  98  9:48  High Templar x2  
  102  10:13  High Templar  
  102  10:14  Zealot x2, High Templar  
  114  10:21  Immortal  
  114  10:22  Oracle x2  
  114  10:24  High Templar x2  
  114  10:25  Zealot x3  
  114  10:28  Archon  
  130  10:29  Archon  
  130  10:31  Nexus  
  130  10:39  Zealot x2  
  134  10:50  Pylon  
  134  10:51  Pylon  
  134  10:54  Pylon  
  134  11:14  Pylon  
  134  11:15  Pylon  
  134  11:16  Pylon  
  134  11:26  Zealot x6  
  134  11:27  Zealot x3  
  96  11:52  High Templar  
  96  11:53  Zealot, High Templar x3  
  96  11:54  Zealot x4  
  92  11:57  Archon x2  
  72  12:14  Shield Battery  
  72  12:16  Shield Battery  
  72  12:17  Shield Battery  
  72  12:21  High Templar  
  72  12:22  Zealot x3, High Templar  
  78  12:26  Zealot x4  
  86  12:42  Archon  
  72  12:45  Zealot  
  72  12:46  Zealot x3  
  72  12:47  Zealot x3  
Show
View Real Time Build Order
Export as new Build Order

TermitMK Protoss 

Build Orders:  

Get SALT Encoding   

  12  0:00  Probe  
  13  0:19  Pylon  
  13  0:22  Probe  
  14  0:34  Probe  
  15  0:45  Gateway  
  15  0:48  Probe  
  16  0:51  Assimilator  
  16  1:00  Probe  
  17  1:12  Probe  
  18  1:24  Probe  
  19  1:30  Pylon  
  19  1:34  Cybernetics Core  
  19  1:37  Probe  
  20  1:49  Probe  
  20  1:50  Assimilator  
  21  2:04  Warp Gate  
  21  2:05  Probe  
  21  2:06  Stalker  
  24  2:17  Probe  
  24  2:20  Gateway  
  24  2:21  Gateway  
  25  2:25  Stalker, Shield Battery  
  25  2:35  Pylon  
  27  3:03  Nexus  
  27  3:12  Sentry  
  29  3:15  Probe  
  30  3:22  Pylon  
  30  3:27  Probe  
  31  3:37  Robotics Facility  
  31  3:40  Probe  
  32  3:50  Pylon  
  32  3:51  Twilight Council  
  32  3:52  Probe  
  33  4:11  Stargate  
  33  4:15  Probe  
  34  4:25  Forge  
  34  4:27  Probe  
  35  4:39  Pylon, Probe  
  35  4:42  Probe  
  35  4:44  Blink  
  37  4:47  Shield Battery, Phoenix  
  37  4:51  Probe  
  38  4:54  Probe  
  41  5:03  Observer, Probe  
  41  5:04  Probe  
  41  5:06  Shield Battery  
  42  5:11  Probe  
  42  5:12  Probe  
  44  5:17  Phoenix  
  48  5:21  Probe x2  
  50  5:38  Phoenix  
  52  6:06  Photon Cannon  
  52  6:17  Probe x2  
  54  6:20  Assimilator  
  54  6:25  Assimilator  
  54  6:26  Pylon  
  54  6:28  Observer, Pylon  
  54  6:29  Probe  
  54  6:30  Probe  
  57  6:40  Charge  
  57  6:41  Probe  
  57  6:42  Probe  
  59  6:55  Phoenix  
  61  7:09  Zealot x2  
  61  7:10  Zealot  
  67  7:20  Phoenix  
  67  7:21  Warp Prism  
  71  7:32  Stargate  
  71  7:35  Pylon  
  71  7:43  Protoss Shields Level 1  
  71  7:54  Protoss Air Weapons Level 1  
  71  8:03  Templar Archives  
  71  8:08  Robotics Bay  
  71  8:13  Zealot  
  71  8:14  Zealot x2  
  77  8:34  Nexus  
  77  8:35  Pylon  
  77  8:36  Pylon  
  77  8:39  Pylon  
  77  8:41  High Templar x2  
  77  8:42  Assimilator, Fleet Beacon, High Templar  
  77  8:46  Assimilator  
  83  8:49  Extended Thermal Lance  
  83  8:58  Gateway x2  
  83  9:01  Gateway  
  83  9:03  Forge  
  83  9:07  Psionic Storm  
  83  9:17  Probe x2  
  84  9:19  Robotics Facility  
  84  9:22  Zealot x3  
  91  9:29  Probe x2  
  93  9:41  Probe x2  
  93  9:43  Archon  
  95  9:54  Shield Battery  
  95  9:56  Shield Battery, High Templar x2  
  95  9:57  Shield Battery, Zealot  
  95  9:58  Zealot x2  
  95  9:59  Photon Cannon x2  
  105  10:01  Photon Cannon  
  105  10:14  Probe x2  
  107  10:21  Probe  
  108  10:26  Probe x2  
  116  10:33  Probe  
  116  10:35  Zealot x5  
  127  10:37  High Templar  
  127  10:38  Disruptor, Probe  
  128  10:51  Protoss Ground Weapons Level 1  
  128  11:07  Disruptor  
  128  11:10  Disruptor  
  126  11:20  Pylon  
  126  11:21  Pylon  
  126  11:22  Pylon  
  86  11:36  Zealot x2  
  86  11:37  Zealot x2  
  56  12:03  Zealot x3  
  56  12:04  Zealot  
  33  12:26  Photon Cannon  
  33  12:30  Photon Cannon  
  33  12:31  Photon Cannon  
  33  12:33  Photon Cannon  
  33  12:34  Pylon  
  33  12:35  Pylon  
  33  12:36  Pylon  
  30  12:37  High Templar x3  
  40  13:02  Photon Cannon  
  40  13:04  Photon Cannon  
Show
View Real Time Build Order
Export as new Build Order

Ekelpack Zerg - Winner!

Build Orders: Hatch First 

Get SALT Encoding   

  12  0:00  Drone  
  13  0:13  Overlord  
  13  0:18  Drone  
  14  0:31  Drone  
  14  0:32  Drone  
  16  0:35  Drone  
  17  0:53  Hatchery  
  17  0:54  Drone  
  17  0:59  Drone  
  18  1:04  Extractor  
  17  1:14  Spawning Pool  
  17  1:17  Drone  
  17  1:20  Drone  
  18  1:29  Drone  
  19  1:39  Drone  
  20  1:50  Drone  
  20  1:53  Extractor  
  20  2:01  Queen  
  20  2:04  Queen  
  20  2:06  Drone  
  25  2:11  Metabolic Boost  
  25  2:15  Drone  
  26  2:19  Drone  
  27  2:23  Drone  
  28  2:30  Overlord  
  28  2:38  Lair  
  28  2:48  Drone x3, Extractor  
  30  2:51  Drone  
  30  2:58  Overlord  
  31  3:03  Drone  
  31  3:04  Drone  
  33  3:09  Drone  
  34  3:13  Drone  
  34  3:14  Drone  
  34  3:17  Drone  
  34  3:18  Drone, Extractor  
  37  3:21  Drone  
  37  3:25  Drone  
  39  3:28  Drone  
  40  3:38  Spire  
  39  3:46  Drone  
  39  3:47  Drone x3  
  43  3:49  Overlord  
  43  3:52  Drone  
  44  3:58  Overlord  
  41  4:20  Drone  
  42  4:26  Drone x2  
  44  4:32  Overlord x2  
  44  4:50  Mutalisk x5  
  44  4:52  Zerg Flyer Weapons Level 1, Mutalisk x3  
  58  4:55  Mutalisk  
  62  5:04  Overlord  
  62  5:11  Infestation Pit  
  61  5:25  Hatchery  
  61  5:26  Drone, Evolution Chamber  
  61  5:27  Drone  
  61  5:28  Evolution Chamber  
  60  5:33  Pneumatized Carapace  
  60  5:58  Hive  
  60  6:00  Zerg Melee Weapons Level 1, Zerg Ground Armor Level 1  
  60  6:15  Queen  
  56  6:32  Drone x2  
  56  6:33  Drone x6  
  56  6:34  Drone  
  63  6:48  Zergling x8  
  63  6:49  Zergling x12  
  63  6:50  Zergling x4  
  75  6:55  Extractor  
  75  6:56  Spore Crawler, Extractor  
  75  6:58  Spore Crawler  
  75  6:59  Drone  
  72  7:11  Drone  
  72  7:12  Overlord x2  
  73  7:19  Ultralisk Cavern  
  73  7:21  Adrenal Glands  
  72  7:30  Drone  
  73  7:47  Overlord x3  
  73  7:56  Drone x3  
  73  7:57  Zerg Melee Weapons Level 2  
  73  7:58  Zerg Ground Armor Level 2  
  76  8:04  Queen  
  78  8:07  Ultralisk  
  78  8:08  Chitinous Plating  
  84  8:14  Drone  
  85  8:34  Ultralisk x2  
  97  8:51  Ultralisk x2  
  97  8:54  Drone x3  
  112  9:14  Overlord x2  
  112  9:27  Anabolic Synthesis  
  112  9:39  Ultralisk x4  
  136  9:53  Hatchery  
  136  9:55  Overlord x2  
  136  9:56  Extractor x2  
  136  9:59  Drone x4  
  137  10:23  Zerg Melee Weapons Level 3  
  137  10:24  Zerg Ground Armor Level 3  
  137  10:28  Overlord, Ultralisk  
  143  10:31  Overlord  
  143  10:49  Overseer x3  
  143  11:00  Ultralisk  
  143  11:01  Ultralisk x2  
  161  11:10  Drone x4  
  161  11:11  Drone x2  
  160  11:33  Zergling x4, Corruptor, Ultralisk x2  
  160  11:34  Zergling x4  
  148  11:49  Zergling x4, Ultralisk x2  
  135  12:04  Zergling x12  
  135  12:05  Zergling x12  
  141  12:14  Ultralisk  
  141  12:15  Zergling x4  
  146  12:43  Zergling x12  
  146  12:44  Zergling x2  
Show
View Real Time Build Order
Export as new Build Order

Nyck Terran - Winner!

Build Orders:  

Get SALT Encoding   

  12  0:00  SCV  
  13  0:12  SCV  
  14  0:21  Supply Depot  
  14  0:25  SCV  
  15  0:43  SCV  
  15  0:45  Barracks  
  16  0:55  SCV  
  17  1:14  Command Center  
  17  1:19  SCV  
  18  1:34  Supply Depot  
  18  1:35  SCV  
  18  1:37  Marine  
  20  1:42  Refinery  
  20  1:46  Refinery  
  20  1:48  SCV  
  21  1:57  Marine  
  22  2:02  Supply Depot  
  22  2:04  Orbital Command  
  22  2:20  Marine  
  23  2:25  Barracks  
  23  2:32  Orbital Command  
  23  2:35  SCV  
  24  2:40  Marine  
  25  2:52  SCV  
  26  2:59  SCV, Factory  
  27  3:06  SCV  
  28  3:16  Supply Depot  
  28  3:18  SCV  
  28  3:19  SCV  
  30  3:22  Barracks Tech Lab, Barracks Reactor  
  30  3:31  SCV x2  
  32  3:36  Refinery  
  32  3:38  Refinery  
  32  3:43  SCV x2, Starport  
  32  3:47  Engineering Bay  
  34  3:53  Engineering Bay  
  34  3:55  SCV  
  35  3:57  SCV  
  36  4:06  Marine x3  
  39  4:11  SCV x2  
  41  4:20  Combat Shield  
  41  4:25  SCV x2  
  41  4:27  Terran Infantry Weapons Level 1  
  41  4:28  Terran Infantry Armor Level 1  
  41  4:29  Medivac  
  45  4:31  Factory Reactor  
  45  4:37  SCV x2  
  47  4:43  Missile Turret  
  47  4:49  SCV x2  
  47  4:51  Marine x2  
  47  4:52  Marine  
  52  5:01  SCV x2  
  54  5:09  Marine x2  
  56  5:17  Viking x2  
  56  5:19  Factory Reactor  
  56  5:20  SCV x2  
  62  5:25  Command Center  
  62  5:33  Missile Turret  
  62  5:38  Supply Depot  
  62  5:51  Stimpack  
  62  6:00  SCV x2, Marine x3  
  62  6:01  Supply Depot  
  62  6:02  Starport  
  67  6:13  Armory  
  67  6:15  Viking  
  67  6:17  SCV  
  70  6:23  SCV, Viking  
  70  6:24  Supply Depot, Marine x3  
  76  6:46  Orbital Command  
  75  6:47  Supply Depot  
  74  7:00  SCV x2  
  76  7:02  Marine x3  
  79  7:09  Terran Vehicle And Ship Armor Level 1  
  79  7:11  Armory  
  79  7:12  Supply Depot, Orbital Command  
  79  7:14  Viking x4  
  87  7:16  Starport  
  87  7:24  SCV x2  
  89  7:33  Barracks  
  89  7:36  Supply Depot  
  89  7:43  SCV  
  90  7:45  SCV x2  
  90  7:46  Marine x3  
  90  7:48  Viking  
  90  7:49  Viking x2  
  101  7:55  SCV  
  101  7:57  SCV x2  
  104  8:06  Marine x2  
  104  8:07  SCV, Marine  
  104  8:08  Refinery  
  104  8:09  SCV x2, Viking  
  112  8:17  Terran Infantry Armor Level 2  
  112  8:19  SCV, Terran Infantry Weapons Level 2  
  113  8:21  SCV x2  
  113  8:24  Marine x3  
  114  8:35  SCV x2  
  114  8:36  SCV  
  114  8:39  Missile Turret  
  117  8:45  Refinery  
  117  8:47  SCV  
  117  8:48  SCV x2  
  120  8:49  Viking x2  
  120  8:50  Marine  
  120  8:54  Supply Depot  
  125  9:00  Terran Ship Weapons Level 1  
  125  9:01  Missile Turret  
  125  9:16  SCV x3, Marine, Viking x2  
  133  9:17  Supply Depot  
  133  9:28  Starport Reactor  
  133  9:30  Terran Vehicle And Ship Armor Level 2  
  133  9:38  Marine  
  133  9:39  Viking x2  
  133  9:40  Supply Depot  
  133  9:43  Marine x2, Command Center  
  140  9:54  Barracks Reactor  
  140  9:56  Marine  
  141  10:01  SCV x3, Viking x2  
  148  10:16  Supply Depot  
  148  10:26  Marine  
  149  10:37  Marine x2, Viking x3  
  149  10:39  Supply Depot  
  157  10:47  Refinery  
  157  10:49  Refinery  
  157  10:55  SCV x3, Viking  
  162  11:02  Supply Depot  
  162  11:07  SCV x3, Marine, Viking x3  
  162  11:08  Marine x4  
  176  11:25  Supply Depot  
  139  11:48  Supply Depot  
  135  12:05  Viking x6  
  135  12:06  Marine  
  135  12:07  Marine x4  
  150  12:12  Supply Depot  
  150  12:24  Marine  
  150  12:26  Marine  
  150  12:27  Marine x3  
  155  12:34  Viking  
  155  12:36  Supply Depot  
  147  12:42  Marine  
  146  12:44  Marine  
  146  12:45  Marine x3  
  160  13:00  Supply Depot  
Tags
 
Add a new tag
Caveats
  • Supply blocks, unpowered buildings, or Contaminate may cause inaccurate times.
  • Supply counts are checked every 10 seconds.